 Dungeon Crawl Stone Soup version 0.27-a0-1347-gd8886f0a89 (webtiles) character file.

Game seed: 14022112930549722439

263 basicallysejuani the Vexing (level 6, 0/47 HPs)
             Began as a Gnoll Arcane Marksman on June 28, 2021.
             Was a Believer of Qazlal.
             Slain by an orc wizard (3 damage)
             ... on level 4 of the Dungeon.
             The game lasted 00:17:40 (3268 turns).

basicallysejuani the Vexing (Gnoll Arcane Marksman) Turns: 3268, Time: 00:17:41

Health: 0/47       AC:  9    Str: 11    XL:     6   Next: 19%
Magic:  8/11       EV:  6    Int: 13    God:    Qazlal [**....]
Gold:   156        SH:  0    Dex: 12    Spells: 10/11 levels left

rFire    . . .     SeeInvis .   k - +3 spear
rCold    . . .     Faith    .   (no shield)
rNeg     . . .     Spirit   .   q - +0 chain mail
rPois    .         Reflect  .   (no helmet)
rElec    .         Harm     .   (no cloak)
rCorr    +         Rampage  .   (no gloves)
Will     .....                  l - +0 pair of boots
Stlth    ..........             (no amulet)
HPRegen  0.15/turn              o - ring of resist corrosion
MPRegen  0.12/turn              (no ring)

@: confused, lethally poisoned (0 -> -18), hasted, very quick
A: fangs 1, strong nose, distributed training
a: Renounce Religion, Upheaval


You were on level 4 of the Dungeon.
You worshipped Qazlal.
Qazlal was pleased with you.
You visited 1 branch of the dungeon, and saw 4 of its levels.

You collected 156 gold pieces.

Inventory:

Hand Weapons
 a - a +0 hand crossbow
 f - a +0 short sword
 k - a +3 spear (weapon)
 m - a +2 antimagic short sword
 r - a +4 whip
 t - a +1 hand axe of flaming
Missiles
 c - 33 bolts
Armour
 d - a +0 robe
 e - a +0 ring mail
 h - a +0 scale mail
 j - a +0 robe
 l - a +0 pair of boots (worn)
 q - a +0 chain mail (worn)
Jewellery
 o - a ring of resist corrosion (left hand)
Scrolls
 i - a scroll of torment {unknown}
 p - a scroll of teleportation {unknown}
 s - 2 scrolls of identify {unknown}
Potions
 b - a potion of haste


   Skills:
 + Level 3.2 Fighting
 + Level 1.8 Short Blades
 + Level 1.8 Long Blades
 + Level 1.8 Axes
 + Level 1.8 Maces & Flails
 + Level 1.8 Polearms
 + Level 1.8 Staves
 + Level 1.8 Slings
 + Level 1.8 Bows
 + Level 4.9 Crossbows
 + Level 1.8 Throwing
 + Level 1.8 Armour
 + Level 4.9 Dodging
 + Level 1.8 Stealth
 + Level 1.8 Shields
 + Level 1.8 Unarmed Combat
 + Level 3.3 Spellcasting
 + Level 1.4 Conjurations
 + Level 5.6 Hexes
 + Level 1.4 Summonings
 + Level 1.4 Necromancy
 + Level 1.4 Translocations
 + Level 1.4 Transmutations
 + Level 1.4 Fire Magic
 + Level 1.4 Ice Magic
 + Level 1.4 Air Magic
 + Level 1.4 Earth Magic
 + Level 1.4 Poison Magic
 + Level 2.0 Invocations
 + Level 1.8 Evocations


You had 10 spell levels left.
You knew the following spells:

 Your Spells              Type           Power      Damage    Failure   Level
a - Corona                Hex            17%        N/A       75%         1

Your spell library contained the following spells:

 Spells                   Type           Power      Damage    Failure   Level
 Slow                     Hex            16%        N/A       87%         2
 Inner Flame              Hex/Fire       11%        N/A       100%        3
 Portal Projectile        Hex/Tloc       22%        N/A       100%        3
 Cause Fear               Hex            8%         N/A       100%        4
 Leda's Liquefaction      Hex/Erth       5%         N/A       100%        4


Dungeon Overview and Level Annotations

Branches:
Dungeon (4/15)
 Temple: D:4-7

Altars:
Qazlal


Innate Abilities, Weirdness & Mutations

You have very sharp teeth.
Your uncanny sense of smell can sniff out nearby items.
Your experience applies equally to all skills.


Message History

Something hits you.
You are more poisoned.
You closely miss something.
You feel very sick. Something hits you.
You are lethally poisoned!
You feel much better.
You feel very sick.
You hear some strange, mumbled words.
A puff of flame appears from out of thin air!
The puff of flame hits you!
You feel very sick.
You see here a +0 vorpal flail.
You feel very sick.
You feel very sick.
You hear some strange, mumbled words.
You are confused.
You feel yourself speed up.
You feel sick.
You feel sick.
You bump into the rock wall.
You feel sick.
You bump into the rock wall.
You feel sick. Something hits you but does no damage.
You are more poisoned.
You bump into the rock wall.
You feel sick. Something hits you but does no damage.
You are lethally poisoned!
You're too confused to move!
* * * LOW HITPOINT WARNING * * *
You feel very sick.
You puncture something!
* * * LOW HITPOINT WARNING * * *
You feel very sick. Something hits you but does no damage.
You are more poisoned.
You are too confused!
You're too confused to move!
* * * LOW HITPOINT WARNING * * *
You feel very sick. Something hits you.
You die...

#.# #.....#
#######.####.....#
...........+.....#
#######.####.....#
#.# #.....#########
##.#####.#...........
#........############
##########..#
.......@{.).#
.....######)# ... #.#
∆. #.# #.# .). #.#
.(. ###


There were no monsters in sight!

Vanquished Creatures
  A bullfrog skeleton (D:3)
  3 orc priests (D:4)
  An orc wizard (D:3)
  6 adders
  2 worms (D:2)
  A dart slug (D:1)
  4 orcs (D:3)
  5 ball pythons (D:2)
  7 bats
  5 endoplasms
  A giant cockroach (D:3)
  6 goblins
  4 hobgoblins
  4 kobolds
  2 quokkas
  3 frilled lizards
  5 rats
60 creatures vanquished.

Vanquished Creatures (others)
  A plant (D:1)
1 creature vanquished.

Grand Total: 61 creatures vanquished

Notes
Turn   | Place    | Note
-------+----------+-------------------------------------------
     0 | D:1      | basicallysejuani the Gnoll Arcane Marksman began the quest
                  | for the Orb.
     0 | D:1      | Reached XP level 1. HP: 17/17 MP: 4/4
   195 | D:1      | Found a faded altar of an unknown god.
   204 | D:1      | Became a worshipper of Qazlal Stormbringer
   204 | D:1      | Reached * piety under Qazlal
   276 | D:1      | Reached XP level 2. HP: 23/23 MP: 5/5
  1191 | D:2      | Reached XP level 3. HP: 28/28 MP: 7/7
  1317 | D:2      | Reached skill level 1 in Invocations
  1489 | D:2      | Reached skill level 1 in Short Blades
  1489 | D:2      | Reached skill level 1 in Long Blades
  1489 | D:2      | Reached skill level 1 in Axes
  1489 | D:2      | Reached skill level 1 in Maces & Flails
  1489 | D:2      | Reached skill level 1 in Polearms
  1489 | D:2      | Reached skill level 1 in Staves
  1489 | D:2      | Reached skill level 1 in Slings
  1489 | D:2      | Reached skill level 1 in Bows
  1489 | D:2      | Reached skill level 1 in Throwing
  1489 | D:2      | Reached skill level 1 in Armour
  1489 | D:2      | Reached skill level 1 in Stealth
  1489 | D:2      | Reached skill level 1 in Shields
  1489 | D:2      | Reached skill level 1 in Unarmed Combat
  1489 | D:2      | Reached skill level 1 in Evocations
  1678 | D:2      | Reached XP level 4. HP: 34/34 MP: 8/8
  1781 | D:2      | Reached skill level 1 in Conjurations
  1781 | D:2      | Reached skill level 1 in Summonings
  1781 | D:2      | Reached skill level 1 in Necromancy
  1781 | D:2      | Reached skill level 1 in Translocations
  1781 | D:2      | Reached skill level 1 in Transmutations
  1781 | D:2      | Reached skill level 1 in Fire Magic
  1781 | D:2      | Reached skill level 1 in Ice Magic
  1781 | D:2      | Reached skill level 1 in Air Magic
  1781 | D:2      | Reached skill level 1 in Earth Magic
  1781 | D:2      | Reached skill level 1 in Poison Magic
  2196 | D:3      | Reached XP level 5. HP: 12/40 MP: 9/9
  2411 | D:3      | Reached ** piety under Qazlal
  2724 | D:3      | Found a stormy altar of Qazlal.
  3243 | D:4      | Reached XP level 6. HP: 47/47 MP: 10/10
  3268 | D:4      | Slain by an orc wizard

Illustrated notes

Levels and vault maps discovered:
D:1:      saegor_arrival_simple_d, layout_loops_corners, serial_forest,
          infiniplex_forest_lined_room_, infiniplex_forest_corner_2,
          infiniplex_forest_lined_4_way, infiniplex_forest_zigzag_1,
          infiniplex_forest_3_way, infiniplex_forest_straight_5,
          infiniplex_forest_corner_1, hellmonk_ecumenical_altar_crossroads,
          minivault_4
D:2:      layout_loops_corners, eino_tiny_chamber, serial_park_tiny_2
D:3:      layout_rooms, nicolae_qazlal_eye_of_the_storm
D:4:      layout_basic

Skill      XL: |  1  2  3  4  5 |
---------------+----------------+-----
Invocations    | 1 2 |  2.0
Short Blades   | 1 |  1.8
Long Blades    | 1 |  1.8
Axes           | 1 |  1.8
Maces & Flails | 1 |  1.8
Polearms       | 1 |  1.8
Staves         | 1 |  1.8
Slings         | 1 |  1.8
Bows           | 1 |  1.8
Throwing       | 1 |  1.8
Armour         | 1 |  1.8
Stealth        | 1 |  1.8
Shields        | 1 |  1.8
Unarmed Combat | 1 |  1.8
Evocations     | 1 |  1.8
Spellcasting   | 3 |  3.3
Conjurations   | 1 |  1.4
Summonings     | 1 |  1.4
Necromancy     | 1 |  1.4
Translocations | 1 |  1.4
Transmutations | 1 |  1.4
Fire Magic     | 1 |  1.4
Ice Magic      | 1 |  1.4
Air Magic      | 1 |  1.4
Earth Magic    | 1 |  1.4
Poison Magic   | 1 |  1.4
Fighting       | 3 |  3.2
Crossbows      | |  4.9
Dodging        | |  4.9
Hexes          | |  5.6

Action                   |  1- 3 |  4- 6 || total
-------------------------+-------+-------++-------
Melee: Spear             |    48 |    59 ||   107
       Short sword       |     6 |     1 ||     7
       Bite              |     2 |     3 ||     5
       Whip              |       |    16 ||    16
 Fire: Hand crossbow     |    21 |     1 ||    22
Throw: Javelin           |    16 |    24 ||    40
Invok: Upheaval          |       |     2 ||     2
  Use: Potion            |       |     4 ||     4
Armor: Robe              |     1 |       ||     1
       Scale mail        |    17 |    17 ||    34
       Ring mail         |     1 |       ||     1
       Chain mail        |       |    28 ||    28
Dodge: Dodged            |    31 |    13 ||    44
Block: Other             |       |     7 ||     7

Table legend: (Time is in decaauts)
 A = Elapsed time spent in this place.
 B = Non-inter-level travel time spent in this place.
 C = Inter-level travel time spent in this place.
 D = Time resting spent in this place.
 E = Time spent auto-exploring this place.
 F = Levels seen in this place.
 G = Mean time per level.
                   A        B        C        D        E       F      G
               +--------+--------+--------+--------+--------+-----+--------+
         Total |   3273 |   2858 |    415 |    376 |   2046 |   4 |  818.2 |
       Dungeon |   3273 |   2858 |    415 |    376 |   2046 |   4 |  818.2 |
               +--------+--------+--------+--------+--------+-----+--------+

Top non-repeatable levels by time:
     D:2: 1310 daAuts
     D:1: 1118 daAuts
     D:3: 690 daAuts
     D:4: 153 daAuts
